 Dungeon Crawl Stone Soup version 0.30.1 (webtiles) character file.

Game seed: 7983023393361458215

761 safid the Chiller (level 7, -2/56 HPs)
             Began as a Merfolk Ice Elementalist on July 10, 2023.
             Was an Initiate of Sif Muna.
             Slain by an ice beast (13 damage)
             ... on level 5 of the Dungeon.
             The game lasted 00:06:44 (4954 turns).

safid the Chiller (Merfolk Ice Elementalist)        Turns: 4954, Time: 00:06:45

Health: -2/56      AC:  9    Str:  9    XL:     7   Next: 80%
Magic:  12/14      EV: 12    Int: 16    God:    Sif Muna [......]
Gold:   238        SH:  0    Dex: 14    Spells: 8/15 levels left

rFire   . . .        h - +0 spear
rCold   . . .        (no shield)
rNeg    . . .        a - +0 robe
rPois   .            (no helmet)
rElec   .            (no cloak)
rCorr   .            (no gloves)
SInv    .            (no boots)
Will    .....        p - amulet of regeneration
Stlth   ++           (no ring)
HPRegen 1.09/turn    (no ring)
MPRegen 0.14/turn

%: no passive effects
@: ice-armoured
A: (nimble swimmer 2), mertail
a: Renounce Religion


You were on level 5 of the Dungeon.
You worshipped Sif Muna.
Sif Muna was noncommittal.
You visited 2 branches of the dungeon, and saw 6 of its levels.

You collected 238 gold pieces.

Inventory:

Hand Weapons
 h - a +0 spear (weapon)
Armour
 a - a +0 robe (worn)
Jewellery
 p - an amulet of regeneration (around neck)
Wands
 r - a wand of mindburst (7)
Scrolls
 e - 3 scrolls of fear {unknown}
 f - a scroll of blinking {unknown}
 i - 7 scrolls of identify {unknown}
 k - 2 scrolls of noise {unknown}
 n - a scroll of vulnerability {unknown}
 o - 3 scrolls of magic mapping {unknown}
 s - a scroll of amnesia {unknown}
Potions
 b - a potion of magic
 c - 3 potions of curing
 d - 2 potions of flight
 g - 2 potions of lignification {unknown}
 j - 2 potions of heal wounds
 l - 2 potions of degeneration {unknown}
 m - a potion of attraction {unknown}
 q - a potion of haste {unknown}


   Skills:
 + Level 5.1 Fighting
 - Level 2.6 Dodging
 - Level 2.1 Stealth
 + Level 4.7 Spellcasting
 + Level 6.9 Ice Magic


You had 8 spell levels left.
You knew the following spells:

 Your Spells              Type           Power      Damage    Failure   Level
a - Freeze                Ice            100%       1d10      1%          1
b - Frozen Ramparts       Ice            52%        1d8       2%          3
c - Ozocubu's Armour      Ice            26%        N/A       2%          3

Your spell library contained the following spells:

 Spells                   Type           Power      Damage    Failure   Level
 Magic Dart               Conj           12%        1d3       16%         1
 Necrotise                Necr           12%        1d4       16%         1
 Call Imp                 Summ           6%         N/A       24%         2
 Searing Ray              Conj           6%         2d4       24%         2
 Summon Ice Beast         Ice/Summ       14%        N/A       36%         4
 Dazzling Flash           Conj/Hex       6%         N/A       43%         3
 Mephitic Cloud           Conj/Pois/Air  3%         N/A       43%         3
 Tukima's Dance           Hex            3%         N/A       43%         3
 Vampiric Draining        Necr           3%         2d6       43%         3
 Volatile Blastmotes      Fire/Tloc      6%         2d10      43%         3
 Fulminant Prism          Conj/Hex       1%         3d5       83%         4
 Iskenderun's Mystic Bla  Conj/Tloc      3%         2d3       83%         4
 Passage of Golubria      Tloc           3%         N/A       83%         4
 Agony                    Necr           3%         N/A       99%         5
 Yara's Violent Unravell  Hex/Tmut       1%         3d3       99%         5
 Starburst                Conj/Fire      1%         6d3       100%        6


Dungeon Overview and Level Annotations

Branches:
Dungeon (5/15)             Temple (1/1) D:5

Altars:
Fedhas
Gozag
Hepliaklqana
Kikubaaqudgha
Makhleb
Okawaru
Qazlal
Ru
Sif Muna
Trog
Uskayaw
Wu Jian
Xom
Zin
The Shining One

Shops:
D:4 (


Innate Abilities, Weirdness & Mutations

((You are very nimble when in or above water. (Stealth+, EV+, Speed+++)))
Your lower body shifts to a powerful aquatic tail in water.


Message History

You are too injured to fight recklessly!
You are too injured to fight recklessly!
You are too injured to fight recklessly!
You are too injured to fight recklessly!
You hit the ice beast but do no damage.
The ice beast is moderately wounded.
The ice beast barely misses you.
You barely miss the ice beast.
The ice beast is moderately wounded.
The ice beast hits you. The ice beast freezes you.
* * * LOW HITPOINT WARNING * * *
You hit the ice beast but do no damage.
The ice beast is moderately wounded.
The ice beast hits you but does no damage.
You hit the ice beast.
The ice beast is heavily wounded.
The ice beast hits you but does no damage.
You hit the ice beast but do no damage.
The ice beast is heavily wounded.
The ice beast hits you but does no damage.
You hit the ice beast but do no damage.
The ice beast is heavily wounded.
The ice beast hits you but does no damage.
You hit the ice beast.
The ice beast is heavily wounded.
The ice beast closely misses you.
You hit the ice beast.
The ice beast is heavily wounded.
The ice beast hits you but does no damage.
You barely miss the ice beast.
The ice beast is heavily wounded.
The ice beast hits you. The ice beast freezes you.
* * * LOW HITPOINT WARNING * * *
The ice beast hits you but does no damage.
You hit the ice beast but do no damage.
The ice beast is heavily wounded.
The ice beast hits you.
* * * LOW HITPOINT WARNING * * *
The ice beast freezes you!
You die...

.# #.# #.# #+## #.# #...##
### ##.### #.....# ..#
##..#.### ##.......
#.######.......###........
.......)..[.....@Y........
#.#.####.......###........
#.#.# #.###.#.# ##.......
..#.# #.......# #.....#
....# #####.### #...##
##### #.# #+## #.# #.# #.#


You could see an ice beast.

Vanquished Creatures
  An ogre (D:5)
  A kobold brigand (D:4)
  A phantom (D:4)
  2 scorpions
  3 orc priests
  2 sleepcaps
  Jessica (D:2)
  An iguana (D:5)
  An orc wizard (D:4)
  10 adders
  4 worms
  A dart slug (D:4)
  11 orcs
  12 ball pythons
  6 endoplasms
  5 giant cockroaches
  6 goblins
  5 hobgoblins
  11 jackals
  3 quokkas
  A bat (D:1)
  2 frilled lizards
  5 kobolds
  4 rats
99 creatures vanquished.

Notes
Turn   | Place    | Note
-------+----------+-------------------------------------------
     0 | D:1      | safid the Merfolk Ice Elementalist began the quest for the
                  | Orb.
     0 | D:1      | Reached XP level 1. HP: 13/13 MP: 3/3
   151 | D:1      | Reached XP level 2. HP: 20/20 MP: 3/5
   248 | D:1      | Reached skill level 1 in Fighting
   478 | D:1      | Reached XP level 3. HP: 26/26 MP: 6/6
   497 | D:1      | Learned a level 3 spell: Frozen Ramparts
  1060 | D:2      | Reached skill level 5 in Ice Magic
  1185 | D:2      | Reached XP level 4. HP: 28/33 MP: 5/8
  1330 | D:2      | Noticed Jessica
  1338 | D:2      | Killed Jessica
  1387 | D:2      | Learned a level 3 spell: Ozocubu's Armour
  1541 | D:2      | Reached XP level 5. HP: 39/39 MP: 7/9
  3066 | D:4      | Reached XP level 6. HP: 43/47 MP: 4/11
  3084 | D:4      | Reached skill level 6 in Ice Magic
  3300 | D:4      | Found a burning altar of Makhleb.
  3331 | D:4      | Found a hazy altar of Hepliaklqana.
  3400 | D:4      | Reached XP level 7. HP: 39/54 MP: 2/13
  4116 | D:4      | Found Rusieq's Weapon Shop.
  4235 | D:5      | Entered Level 5 of the Dungeon
  4510 | D:5      | Found a staircase to the Ecumenical Temple.
  4518 | Temple   | Entered the Ecumenical Temple
  4677 | Temple   | Became a worshipper of Sif Muna the Loreminder
  4745 | D:5      | Reached skill level 5 in Fighting
  4954 | D:5      | Slain by an ice beast

Illustrated notes

Levels and vault maps discovered:
D:1:      spicycebolla_arrival_clurvy, layout_basic
D:2:      layout_basic, uniq_jessica
D:3:      layout_loops_ring, minmay_crystal_water, dk_noncrumbling_3,
          minmay_shallow_snake_nest
D:4:      layout_loops_ring, mainiacjoe_overflow_catwalk_spiral, serial_shops,
          nicolae_shop_crystal, chequers_serial_rivers_micro_b
D:5:      layout_loops_corners, nicolae_ashenzari_skybound,
          minmay_temple_entry_waves
Temple:   nicolae_temple_bog_church

Skill      XL: |  1  2  3  4  5  6  7 |
---------------+----------------------+-----
Fighting       | 1 2 3 4 5 |  5.1
Ice Magic      | 5 6 |  6.9
Spellcasting   | 3 4 |  4.7
Dodging        | |  2.6
Stealth        | |  2.1

Action                     |  1- 3 |  4- 6 |  7- 9 || total
---------------------------+-------+-------+-------++-------
  Melee: Unarmed           |    10 |       |       ||    10
         Club              |    10 |       |       ||    10
         Punch             |     1 |     1 |       ||     2
         Spear             |    38 |   120 |    85 ||   243
   Cast: Freeze            |    39 |    30 |    10 ||    79
         Frozen Ramparts   |       |     9 |     9 ||    18
         Ozocubu's Armour  |       |     7 |     5 ||    12
    Use: Potion            |       |     4 |       ||     4
   Stab: Sleeping          |     7 |     7 |     1 ||    15
         Distracted        |       |       |     1 ||     1
 Armour: Robe              |    10 |    24 |    19 ||    53
  Dodge: Dodged            |    52 |    83 |    42 ||   177
